Map: Ascension to Aiur LE

Players

Trizztein - Winner!

  • Race: Terran Terran
  • League: Diamond
  • Spawn Location: 11:00

scubaskim

  • Race: Zerg Zerg
  • League: Diamond
  • Spawn Location: 5:00

VOD

Have the link to the VOD?

Description

Time

  • Played on: June 24, 2017, 2:46 p.m.
  • Length: 13:52
Show
View Real Time Build Order
Export as new Build Order

Trizztein Terran - Winner!

Build Orders: Reaper Expand, MMM Bio 

Get SALT Encoding   

  12  0:00  SCV  
  13  0:13  SCV  
  14  0:17  Supply Depot  
  14  0:25  SCV  
  15  0:39  SCV  
  15  0:40  Barracks  
  16  0:51  SCV  
  16  0:52  Refinery  
  17  1:03  SCV  
  18  1:15  SCV  
  19  1:28  Orbital Command  
  19  1:36  Reaper  
  20  1:42  Command Center  
  20  1:54  SCV  
  20  1:57  Barracks  
  21  2:06  SCV  
  21  2:07  Refinery  
  22  2:09  Barracks Reactor  
  22  2:15  Supply Depot  
  22  2:18  SCV  
  23  2:30  Factory  
  23  2:36  SCV  
  24  2:48  Marine x2, Barracks Tech Lab  
  24  2:50  SCV  
  27  2:56  Orbital Command  
  27  3:02  SCV  
  28  3:07  Marine x3  
  31  3:14  SCV  
  32  3:20  Stimpack  
  32  3:21  Starport  
  32  3:24  SCV  
  33  3:28  Marine, SCV  
  35  3:40  SCV x2  
  37  3:43  Factory Reactor  
  37  3:45  Marine  
  38  3:52  SCV  
  38  3:53  Marine, SCV  
  38  3:54  Marine  
  42  3:56  Supply Depot x2  
  42  4:02  Marine  
  42  4:05  SCV  
  42  4:06  SCV  
  45  4:11  Marine  
  46  4:17  Marine, SCV  
  46  4:18  Supply Depot  
  46  4:20  Marine  
  49  4:24  Medivac x2  
  49  4:26  SCV  
  49  4:29  SCV  
  55  4:31  Marine  
  55  4:37  Marine  
  58  4:38  SCV  
  58  4:39  Supply Depot, Marine  
  58  4:44  SCV  
  60  4:50  Engineering Bay x2, SCV  
  61  4:54  Medivac  
  61  4:56  SCV, Factory Reactor  
  64  5:02  SCV  
  64  5:03  Marine x3  
  64  5:06  Refinery, Supply Depot  
  68  5:08  SCV  
  69  5:14  SCV  
  70  5:21  Combat Shields, SCV  
  70  5:22  Marine x3  
  70  5:26  Terran Infantry Armor Level 1, Terran Infantry Weapons Level 1  
  70  5:27  SCV  
  75  5:33  Supply Depot, SCV  
  76  5:39  Marine, SCV  
  76  5:40  Marine x2  
  76  5:42  Command Center  
  80  5:57  Marine x2  
  80  5:58  Marine  
  80  5:59  SCV  
  84  6:04  Starport Reactor  
  84  6:07  SCV  
  84  6:09  Factory Reactor  
  85  6:12  Barracks  
  85  6:14  Barracks  
  85  6:15  Marine x2  
  87  6:23  Marine, SCV x2  
  90  6:26  Armory  
  90  6:32  Barracks  
  90  6:33  Supply Depot, Marine  
  90  6:34  Supply Depot  
  90  6:35  Refinery, SCV  
  90  6:36  SCV  
  93  6:40  Concussive Shells  
  93  6:47  SCV  
  93  6:53  Marine x2, SCV  
  97  6:55  Orbital Command  
  97  6:58  Marine  
  97  6:59  SCV  
  99  7:05  SCV  
  100  7:11  Marine, SCV  
  100  7:12  Widow Mine x2  
  100  7:13  Medivac x2  
  100  7:15  Supply Depot, Orbital Command  
  110  7:17  Supply Depot  
  110  7:18  SCV  
  111  7:23  SCV  
  112  7:30  Marine x2, SCV  
  112  7:31  Marine x4, Barracks Tech Lab  
  112  7:35  SCV  
  120  7:42  Marine  
  120  7:43  Terran Infantry Armor Level 2, Terran Infantry Weapons Level 2  
  121  7:48  Marine x3  
  121  7:49  Barracks x3  
  119  8:10  Widow Mine x2, Marine x3  
  120  8:14  SCV x3  
  123  8:22  Marine x5  
  123  8:24  Medivac x2  
  123  8:26  SCV  
  133  8:28  Marine  
  133  8:29  Supply Depot  
  133  8:30  Supply Depot  
  134  8:37  Barracks Tech Lab  
  134  8:38  Command Center  
  134  8:39  Widow Mine x2  
  134  8:41  Marauder  
  140  8:42  Refinery, SCV  
  140  8:43  Refinery  
  140  8:44  Liberator  
  141  8:50  Marine x5  
  141  8:51  Marauder  
  141  8:54  Supply Depot, Medivac  
  150  8:56  Supply Depot  
  150  8:58  Marine x3, Marauder  
  150  9:02  Supply Depot, Marauder  
  160  9:03  SCV  
  160  9:05  Terran Vehicle Weapons Level 1  
  160  9:08  Marine  
  161  9:30  Marine  
  161  9:31  Marine x10  
  164  9:32  Widow Mine x2, Medivac  
  164  9:35  SCV  
  179  9:44  Medivac  
  178  9:45  Liberator  
  178  9:48  Marine, Starport  
  178  9:49  Starport  
  178  9:56  Planetary Fortress  
  180  10:14  Marine x6  
  180  10:21  Liberator x3  
  141  10:30  SCV x2  
  141  10:31  SCV  
  141  10:32  Liberator  
  144  10:42  SCV  
  154  10:45  Refinery  
  154  10:47  Marine  
  154  10:48  Widow Mine, Marine x5  
  154  10:49  Widow Mine, Marauder x2  
  171  10:51  Command Center  
  171  10:57  Sensor Tower  
  171  10:58  Missile Turret  
  171  11:08  Liberator x2  
  171  11:12  Marine x5  
  171  11:15  Marauder  
  178  11:18  Marine x3  
  178  11:19  Marine  
  178  11:24  Marine  
  170  11:30  Marine  
  169  11:33  Marine  
  169  11:34  Marine  
  169  11:35  Missile Turret  
  169  11:36  Marine x3, Missile Turret  
  169  11:37  Missile Turret  
  174  11:43  Marine x4  
  174  11:45  Marine  
  170  11:48  Marine  
  170  11:50  Liberator  
  170  11:51  Marine x2  
  166  11:54  Marine x3  
  166  11:57  Liberator  
  166  11:58  Liberator  
  166  12:01  Marine x3  
  159  12:03  Marine x2  
  159  12:06  Marine  
  158  12:09  Marine x2  
  158  12:12  Marine  
  157  12:24  Liberator  
  151  12:32  Liberator  
  126  12:47  Marine x3  
  126  12:49  Marine x4  
  128  12:54  Marine x2  
  126  13:02  Marine  
  126  13:03  Marine  
  126  13:05  Marine x3  
  125  13:17  Marine x4  
  125  13:19  Marine x2  
  127  13:20  Marine x2  
  127  13:22  Marine  
  127  13:32  Marine x2  
Show
View Real Time Build Order
Export as new Build Order

scubaskim Zerg 

Build Orders: Hatch First, Muta Ling Bane 

Get SALT Encoding   

  12  0:01  Drone  
  13  0:12  Overlord  
  13  0:17  Drone  
  14  0:30  Drone  
  14  0:31  Drone  
  16  0:36  Drone  
  17  0:47  Drone  
  18  0:57  Hatchery  
  17  0:59  Drone  
  17  1:03  Extractor  
  17  1:07  Drone  
  18  1:17  Spawning Pool  
  17  1:20  Drone  
  18  1:30  Drone  
  19  1:38  Overlord  
  19  1:50  Drone  
  20  2:04  Metabolic Boost, Drone  
  20  2:05  Queen  
  23  2:09  Queen  
  23  2:10  Drone  
  23  2:12  Drone  
  27  2:20  Zergling x2  
  27  2:21  Drone  
  29  2:30  Overlord  
  29  2:38  Spore Crawler  
  29  2:45  Drone x3  
  29  2:48  Queen  
  29  2:50  Queen  
  35  2:53  Drone  
  35  2:57  Drone  
  37  3:10  Drone x2  
  39  3:18  Drone x3  
  39  3:19  Overlord, Drone  
  43  3:42  Hatchery, Drone x3  
  43  3:43  Drone x2  
  43  3:44  Lair  
  43  3:46  Extractor  
  46  3:51  Drone x3  
  46  3:54  Extractor x2  
  47  4:00  Overlord  
  47  4:02  Drone x3  
  50  4:09  Evolution Chamber x2  
  48  4:11  Drone  
  49  4:18  Zergling x6  
  52  4:28  Drone  
  52  4:29  Drone  
  52  4:30  Overlord  
  54  4:40  Drone x2  
  56  4:45  Zerg Melee Weapons Level 1  
  56  4:46  Zerg Ground Armor Level 1  
  56  4:47  Infestation Pit  
  56  4:48  Drone  
  56  4:49  Drone x2, Spire  
  57  4:56  Drone x4  
  61  5:05  Overlord  
  61  5:07  Drone x3  
  61  5:14  Drone x5  
  65  5:15  Drone  
  70  5:23  Hive  
  70  5:26  Drone, Extractor  
  70  5:27  Drone x2  
  70  5:28  Drone, Extractor  
  72  5:33  Drone  
  72  5:34  Drone  
  74  5:38  Baneling Nest, Drone  
  74  5:39  Drone  
  74  5:42  Zergling x2  
  74  5:46  Zergling x6  
  77  5:53  Overlord x2  
  76  6:02  Overlord  
  76  6:09  Overlord  
  76  6:13  Zergling x4  
  78  6:23  Zergling x6  
  78  6:24  Baneling x4  
  78  6:25  Baneling x2, Centrifical Hooks  
  81  6:26  Zergling x8  
  81  6:27  Zergling x2  
  81  6:32  Zergling x4  
  88  6:41  Hatchery, Zerg Melee Weapons Level 2  
  88  6:42  Zerg Ground Armor Level 2  
  87  6:47  Ultralisk Cavern  
  87  6:49  Baneling x2  
  87  6:50  Baneling x2  
  87  6:52  Zergling x2  
  87  6:53  Zergling x8  
  91  7:03  Mutalisk x3  
  96  7:41  Baneling x3  
  96  7:43  Ultralisk  
  102  7:45  Zergling x12  
  108  7:58  Overlord x4  
  107  7:59  Overlord  
  103  8:15  Queen  
  105  8:20  Chitinous Plating  
  105  8:25  Extractor  
  104  8:27  Extractor  
  104  8:28  Zergling x2  
  104  8:29  Zergling x16  
  112  8:38  Hatchery  
  111  8:44  Ultralisk x2  
  111  8:45  Ultralisk  
  129  9:02  Corruptor x2  
  131  9:09  Overlord x4, Extractor  
  132  9:12  Extractor  
  131  9:26  Zerg Melee Weapons Level 3  
  131  9:28  Corruptor x2  
  131  9:29  Hatchery, Corruptor  
  131  9:31  Zergling x6  
  136  9:45  Zergling x2  
  132  9:54  Zergling x2  
  132  9:55  Zergling x28  
  98  10:30  Corruptor  
  98  10:31  Corruptor x4  
  98  10:34  Zergling x2  
  98  10:35  Zergling x6  
  112  10:38  Drone  
  112  10:39  Drone  
  114  10:49  Drone x3  
  117  10:58  Queen  
  117  11:03  Queen  
  108  11:27  Zergling x20  
  108  11:28  Zergling x4  
  108  11:32  Zergling x6  
  123  11:38  Zergling x2  
  123  11:39  Zergling x2  
  94  11:49  Ultralisk  
  79  12:08  Baneling x4  
  77  12:09  Baneling x3  
  77  12:10  Baneling x3  
  77  12:11  Baneling x5, Zergling x2  
  66  12:28  Zergling x6  
  49  12:49  Baneling  
  49  12:50  Baneling  
  47  12:51  Zergling x2  
Tags
 
Add a new tag
Caveats
  • Supply blocks, unpowered buildings, or Contaminate may cause inaccurate times.
  • Supply counts are checked every 10 seconds.